 Dungeon Crawl Stone Soup version 0.23.2-1-ga50397a6bc (webtiles) character file.

Game seed: 5597900388064126146

614 Mrkan the Gusty (level 7, -5/51 HPs)
             Began as a Gnoll Air Elementalist on May 19, 2019.
             Slain by Pikel
             ... wielding a +2 whip of electrocution
              (11 damage)
             ... on level 3 of the Dungeon.
             The game lasted 00:09:55 (3556 turns).

Mrkan the Gusty (Gnoll Air Elementalist)            Turns: 3556, Time: 00:09:55

Health: -5/51      AC:  2    Str: 10    XL:     7   Next: 44%
Magic:  13/15      EV: 15    Int: 19    God:
Gold:   136        SH:  0    Dex: 16    Spells: 12/17 levels left

rFire    . . .     SeeInvis .     - Unarmed
rCold    . . .     Gourm    .   (no shield)
rNeg     . . .     Faith    .   a - +0 robe
rPois    .         Spirit   .   (no helmet)
rElec    .         Reflect  .   (no cloak)
rCorr    .         Harm     .   (no gloves)
MR       .....                  (no boots)
Stlth    +++.......             (no amulet)
HPRegen  0.17/turn              (no ring)
MPRegen  0.14/turn              (no ring)

@: no status effects
A: distributed training, fangs 1, strong nose
a: no special abilities


You were on level 3 of the Dungeon.
You were hungry.

You visited 1 branch of the dungeon, and saw 4 of its levels.

You collected 136 gold pieces.

Inventory:

Hand Weapons
 m - a +0 falchion
Armour
 a - a +0 robe (worn)
 n - a +0 shield
Wands
 o - a wand of iceblast (8)
Scrolls
 f - a scroll of amnesia {unknown}
 h - a scroll of enchant armour {unknown}
 i - 3 scrolls of identify {unknown}
 q - a scroll of immolation {unknown}
Potions
 b - a potion of degeneration {unknown}
 d - 2 potions of curing {unknown}
 e - 2 potions of resistance
 g - a potion of cancellation {unknown}
 j - 2 potions of heal wounds {unknown}
 k - a potion of haste {unknown}
 l - a potion of invisibility
Comestibles
 c - 6 rations


   Skills:
 + Level 2.4 Fighting
 + Level 2.4 Short Blades
 + Level 2.4 Long Blades
 + Level 2.4 Axes
 + Level 2.4 Maces & Flails
 + Level 2.4 Polearms
 + Level 2.4 Staves
 + Level 2.4 Slings
 + Level 2.4 Bows
 + Level 2.4 Crossbows
 + Level 2.4 Throwing
 + Level 2.4 Armour
 + Level 5.2 Dodging
 + Level 4.9 Stealth
 + Level 2.4 Shields
 + Level 2.4 Unarmed Combat
 + Level 5.6 Spellcasting
 + Level 2.9 Conjurations
 + Level 2.0 Hexes
 + Level 2.0 Charms
 + Level 2.0 Summonings
 + Level 2.0 Necromancy
 + Level 2.0 Translocations
 + Level 2.0 Transmutations
 + Level 2.0 Fire Magic
 + Level 2.0 Ice Magic
 + Level 5.8 Air Magic
 + Level 2.0 Earth Magic
 + Level 2.0 Poison Magic
 + Level 2.7 Invocations
 + Level 2.4 Evocations


You had 12 spell levels left.
You knew the following spells:

 Your Spells              Type           Power        Failure   Level  Hunger
a - Shock                 Conj/Air       ###.         1%          1    None
b - Airstrike             Air            ####......   11%         4    ####...

Your spell library contained the following spells:

 Spells                   Type           Power        Failure   Level  Hunger
 Swiftness                Chrm/Air       ###.....     3%          2    None
 Static Discharge         Conj/Air       ###.....     6%          3    ##.....
 Lightning Bolt           Conj/Air       ###.......   47%         5    #####..


Dungeon Overview and Level Annotations

Branches:
Dungeon (4/15)
 Temple: D:4-7

Altars:
Elyvilon
Fedhas
Qazlal
Yredelemnul

Annotations:
D:3 Pikel


Innate Abilities, Weirdness & Mutations

Your experience applies equally to all skills.
You have very sharp teeth.
Your uncanny sense of smell can sniff out nearby items.


Message History

Pikel says, "I'm sure the Orcish Mines are around here somewhere..."
Pikel says, "Slavery isn't that bad."
Casting: Airstrike (safe; 11% risk of failure)
Confirm with . or Enter, or press ? or * to list all spells.
Aiming: Shock (safe; 1% risk of failure)
Press: ? - help, Shift-Dir - straight line, f - Pikel
Aim: Pikel, wielding a +2 whip of electrocution and wearing a +0 robe The zap hits Pikel.
Pikel is lightly wounded.
Pikel closely misses you.
Casting: Shock (safe; 1% risk of failure)
Confirm with . or Enter, or press ? or * to list all spells.
Aiming: Shock (safe; 1% risk of failure)
Press: ? - help, Shift-Dir - straight line, f/p - Pikel
Aim: Pikel, wielding a +2 whip of electrocution and wearing a +0 robe (lightly wounded)
The zap misses Pikel.
Pikel hits you with a +2 whip of electrocution!
* * * LOW HITPOINT WARNING * * *
You are electrocuted!
You die...

##.###.........# #.#
###.####.## #.# #.# #.#
#.#####.# #.# #.......#
#.######## #########
#........# #p.#####.#
#K.# #)# ############@.#
###.#### #.............#
#......#
#.#####.......###.#.##.#
#.# ##...≈≈≈...##.#.##.#
#.###..≈≈≈≈≈≈≈..#.#.##.#
#†##..≈≈≈≈≈≈≈≈≈.....##.#
#.##.≈≈≈≈≈≈≈≈≈≈≈...###.#
#####.#..≈≈≈≈P<.≈≈≈≈...#
#.#
#.....).≈≈≈≈....♣≈≈≈≈..#
#.# ###


You could see Pikel and a slave.

Vanquished Creatures
  Menkaure (D:4)
  A slave (D:4)
  2 orc priests (D:4)
  6 orc wizards
  Jessica (D:2)
  Terence (D:2)
  Natasha (D:2)
  A worker ant (D:2)
  8 adders
  3 oozes
  3 worms
  3 dart slugs (D:1)
  5 leopard geckos
  3 orcs (D:3)
  7 bats
  7 giant cockroaches
  5 goblins
  6 hobgoblins
  2 jackals (D:1)
  5 frilled lizards
  8 kobolds
  5 rats
84 creatures vanquished.

Notes
Turn   | Place    | Note
-------+----------+-------------------------------------------
     0 | D:1      | Mrkan the Gnoll Air Elementalist began the quest for the
                  | Orb.
     0 | D:1      | Reached XP level 1. HP: 13/13 MP: 6/6
    44 | D:1      | Reached XP level 2. HP: 19/20 MP: 0/7
   322 | D:1      | Reached XP level 3. HP: 25/25 MP: 0/9
   424 | D:1      | Reached skill level 5 in Spellcasting
   748 | D:2      | Reached skill level 1 in Invocations
   759 | D:2      | Reached skill level 1 in Fighting
   759 | D:2      | Reached skill level 1 in Short Blades
   759 | D:2      | Reached skill level 1 in Long Blades
   759 | D:2      | Reached skill level 1 in Axes
   759 | D:2      | Reached skill level 1 in Maces & Flails
   759 | D:2      | Reached skill level 1 in Polearms
   759 | D:2      | Reached skill level 1 in Staves
   759 | D:2      | Reached skill level 1 in Slings
   759 | D:2      | Reached skill level 1 in Bows
   759 | D:2      | Reached skill level 1 in Crossbows
   759 | D:2      | Reached skill level 1 in Throwing
   759 | D:2      | Reached skill level 1 in Armour
   759 | D:2      | Reached skill level 1 in Shields
   759 | D:2      | Reached skill level 1 in Unarmed Combat
   759 | D:2      | Reached skill level 1 in Evocations
   759 | D:2      | Reached XP level 4. HP: 32/32 MP: 2/11
  1037 | D:2      | Noticed Jessica
  1045 | D:2      | Killed Jessica
  1045 | D:2      | Reached skill level 1 in Hexes
  1045 | D:2      | Reached skill level 1 in Charms
  1045 | D:2      | Reached skill level 1 in Summonings
  1045 | D:2      | Reached skill level 1 in Necromancy
  1045 | D:2      | Reached skill level 1 in Translocations
  1045 | D:2      | Reached skill level 1 in Transmutations
  1045 | D:2      | Reached skill level 1 in Fire Magic
  1045 | D:2      | Reached skill level 1 in Ice Magic
  1045 | D:2      | Reached skill level 1 in Earth Magic
  1045 | D:2      | Reached skill level 1 in Poison Magic
  1381 | D:2      | Noticed Natasha
  1385 | D:2      | Killed Natasha
  1385 | D:2      | Reached XP level 5. HP: 28/37 MP: 7/12
  1428 | D:2      | Noticed Terence
  1527 | D:2      | Killed Terence
  1535 | D:2      | Learned a level 4 spell: Airstrike
  1980 | D:3      | Found a white marble altar of Elyvilon.
  1985 | D:3      | Reached XP level 6. HP: 44/44 MP: 4/13
  2270 | D:3      | Found a blossoming altar of Fedhas.
  2350 | D:3      | Found a stormy altar of Qazlal.
  2350 | D:3      | Found a basalt altar of Yredelemnul.
  2808 | D:4      | Reached skill level 5 in Dodging
  3012 | D:4      | Noticed Menkaure
  3016 | D:4      | Killed Menkaure
  3016 | D:4      | Reached XP level 7. HP: 50/50 MP: 1/15
  3394 | D:4      | Noticed Pikel
  3556 | D:3      | Slain by Pikel

Skill      XL: |  1  2  3  4  5  6  7 |
---------------+----------------------+-----
Conjurations   | 2 |  2.9
Spellcasting   | 5 |  5.6
Invocations    | 1 2 |  2.7
Fighting       | 1 2 |  2.4
Short Blades   | 1 2 |  2.4
Long Blades    | 1 2 |  2.4
Axes           | 1 2 |  2.4
Maces & Flails | 1 2 |  2.4
Polearms       | 1 2 |  2.4
Staves         | 1 2 |  2.4
Slings         | 1 2 |  2.4
Bows           | 1 2 |  2.4
Crossbows      | 1 2 |  2.4
Throwing       | 1 2 |  2.4
Armour         | 1 2 |  2.4
Shields        | 1 2 |  2.4
Unarmed Combat | 1 2 |  2.4
Evocations     | 1 2 |  2.4
Hexes          | 1 2 |  2.0
Charms         | 1 2 |  2.0
Summonings     | 1 2 |  2.0
Necromancy     | 1 2 |  2.0
Translocations | 1 2 |  2.0
Transmutations | 1 2 |  2.0
Fire Magic     | 1 2 |  2.0
Ice Magic      | 1 2 |  2.0
Earth Magic    | 1 2 |  2.0
Poison Magic   | 1 2 |  2.0
Dodging        | 5 |  5.2
Stealth        | |  4.9
Air Magic      | |  5.8

Action                   |  1- 3 |  4- 6 |  7- 9 || total
-------------------------+-------+-------+-------++-------
Melee: Unarmed           |    12 |     8 |    10 ||    30
       Bite              |     1 |     2 |       ||     3
       Punch             |       |     1 |       ||     1
 Cast: Shock             |    46 |   101 |    15 ||   162
       Airstrike         |       |    12 |     9 ||    21
  Eat: Chunk             |       |     4 |     3 ||     7
       Ration            |       |     1 |       ||     1
Armor: Robe              |     4 |     4 |     2 ||    10
Dodge: Dodged            |    14 |    27 |    15 ||    56
